 Dungeon Crawl Stone Soup version 0.14-a0-736-g2a71271 (webtiles) character file.

565 4tharraofdagon the Covered (level 6, 2/49 HPs)
             Began as a Djinni Fighter on Nov 7, 2013.
             Was an Initiate of Makhleb.
             Quit the game on Level 4 of the Dungeon.
             The game lasted 00:09:14 (1681 turns).

4tharraofdagon the Covered (Djinni Fighter)         Turns: 1681, Time: 00:09:15

HP   2/49        AC  7     Str 19      XL: 6   Next: 56%
MP   0/0         EV  6     Int  8      God: Makhleb [......]
Gold 159         SH 18     Dex 12      Spells:  0 memorised,  5 levels left

Res.Fire  : + + +   See Invis. : .   e - -3,-2 orc hand axe (curse)
Res.Cold  : . . .   Warding    : .   b - +0 scale mail
Life Prot.: + + +   Conserve   : .   c - +0 shield
Res.Poison: .       Res.Corr.  : +   (no helmet)
Res.Elec. : .       Clarity    : .   (no cloak)
Sust.Abil.: . .     Spirit.Shd : .   (no gloves)
Res.Mut.  : .       Stasis     : .   (boots unavailable)
Res.Rott. : .       Flight     : +   l - amulet of resist corrosion
Saprovore : . . .                    (no ring)
                                     f - ring of protection from cold

@: flying, slightly resistant to hostile enchantments, extremely unstealthy
A: fire immunity, cold vulnerability, life protection 3
a: Renounce Religion


You were on level 4 of the Dungeon.
You worshipped Makhleb.
Makhleb was noncommittal.
You were not hungry.

You visited 2 branches of the dungeon, and saw 9 of its levels.

You collected 159 gold pieces.

Inventory:

Hand weapons
 a - a +0,+0 hand axe
 e - a cursed -3,-2 orcish hand axe (weapon)
 g - a +3,+0 dagger of speed
 h - a +0,+0 hand axe
 i - a cursed -3 blowgun
 k - a +0,+0 orcish war axe
 n - a +0,+0 war axe
Missiles
 j - 5 poisoned needles
Armour
 b - a +0 scale mail (worn)
 c - a +0 shield (worn)
Magical devices
 d - a wand of random effects (0)
Jewellery
 f - a ring of protection from cold (left hand)
 l - an amulet of resist corrosion (around neck)
Potions
 m - a potion of flight


   Skills:
 + Level 4.0 Fighting
 * Level 4.6 Axes
 + Level 5.1 Armour
 - Level 3.0 Shields


You had 5 spell levels left.
You didn't know any spells.

Dungeon Overview and Level Annotations

Branches:
Dungeon (8/27)             Temple (1/1) D:7
    Orc: D:6-11        Lair: D:8-13

Altars:
Cheibriados
Elyvilon
Kikubaaqudgha
Makhleb
Vehumet

Shops:
D:7 ?   D:8 ?

Annotations:
D:5 MackTheKnife's ghost, experienced HEHu
D:7 4tharraofdagon's ghost, experienced FoBe


Innate Abilities, Weirdness & Mutations

You are immune to all types of fire, even holy and hellish.
You are vulnerable to cold.
You need no food.
You have no legs.
You are immune to negative energy.


Message History

You hit the giant cockroach.
The giant cockroach is heavily wounded.
The giant cockroach barely misses you. You block the giant cockroach's attack.
It hits you but does no damage.
You hit the giant cockroach but do no damage.
The giant cockroach is moderately wounded.
The giant cockroach bites you but does no damage.
It hits you.
* * * LOW HITPOINT WARNING * * *
It shocks you!
* * * LOW HITPOINT WARNING * * *
You hit the giant cockroach but do no damage.
The giant cockroach is lightly wounded.
The giant cockroach bites you but does no damage.
It hits you but does no damage.
The giant cockroach bites you but does no damage.
Unknown command.
Unknown command.
Enter note: Are you sure you want to abandon this character and quit the game? (Confirm with "yes".)

.# ...).. #.########.# .#
#...# #.# #.# .# #...# #≈#
#.# .####...##########.# #≈#
.#.>............##.########.#
.#.###.##...###.............#
(#s###.##.#.
####.#######..#####
..#.##%...#...####.#
#####....... .........##
#..s@..# #...........
####.#....#..?######
#%###.###### ...%......#. #.#
#.# ..##.#.#>...# #.# #.#
#.##.....#### #(# #.#
#.###...## ##.###.# #.# #.#.#
#......# #.# #.##. #..#####
#.# .. #..#


You could see a giant cockroach.

Vanquished Creatures
  An ogre (D:7)
  A centaur (D:7)
  An ice beast (D:7)
  A jelly (D:7)
  An orc wizard (D:4)
  2 worker ants
  A scorpion (D:7)
  An adder (D:7)
  A giant gecko (D:4)
  An ooze (D:4)
  4 orcs (D:4)
  7 bats
  A giant cockroach (D:1)
  4 hobgoblins
  A kobold (D:4)
  2 quokkas
  A giant newt (D:7)
  3 goblins
  A jackal zombie (D:5)
  An orc zombie (D:5)
  7 rats
43 creatures vanquished.

Vanquished Creatures (others)
  A big fish (D:5)
1 creature vanquished.

Grand Total: 44 creatures vanquished

Notes
Turn   | Place    | Note
--------------------------------------------------------------
     0 | D:1      | 4tharraofdagon, the Djinni Fighter, began the quest for the Orb.
     0 | D:1      | Reached XP level 1. HP: 16/16 MP: 0/0
   173 | D:2      | Found a radiant altar of Vehumet.
   397 | D:4      | Reached XP level 2. EP: 20/22
   425 | D:4      | Noticed an orc wizard
   448 | D:4      | Killed an orc wizard
   448 | D:4      | Reached XP level 3. EP: 17/29
   487 | D:4      | Noticed a worker ant
   501 | D:4      | Killed a worker ant
   501 | D:4      | Reached XP level 4. EP: 14/35
   504 | D:4      | Paralysed by a potion of paralysis for 3 turns
   536 | D:4      | Reached skill level 4 in Armour
   611 | D:5      | Entered Level 5 of the Dungeon
   628 | D:5      | Noticed MackTheKnife's ghost (experienced HEHu)
   690 | D:5      | Found a white marble altar of Elyvilon.
   915 | D:7      | Noticed a centaur
   937 | D:7      | Killed a centaur
   937 | D:7      | Reached XP level 5. EP: 11/41
  1003 | D:6      | Noticed an ice beast
  1088 | D:7      | Found a staircase to the Ecumenical Temple.
  1089 | D:7      | Noticed an ogre
  1100 | Temple   | Entered the Ecumenical Temple
  1113 | Temple   | Became a worshipper of Makhleb the Destroyer
  1138 | D:7      | Killed an ogre
  1154 | D:7      | Reached XP level 6. EP: 32/48
  1162 | D:7      | Noticed a centaur
  1164 | D:7      | a centaur changed into a worker ant
  1307 | D:7      | Killed an ice beast
  1307 | D:7      | Reached skill level 5 in Armour
  1331 | D:7      | Noticed 4tharraofdagon's ghost (experienced FoBe)
  1344 | D:8      | Found Ciusiab's Magic Scroll Shoppe.
  1384 | D:7      | omfg
  1455 | D:6      | Noticed an ogre
  1549 | D:5      | Noticed a sky beast
  1679 | D:4      | HP: 2/49 [something (6)]
  1681 | D:4      | Quit the game

Action                   |  1- 3 |  4- 6 || total
-------------------------+-------+-------++-------
Melee: Hand axe          |    75 |   174 ||   249
Evoke: Wand              |       |    13 ||    13
  Use: Potion            |     3 |     6 ||     9
       Scroll            |       |     6 ||     6
 Stab: Paralysed         |       |     5 ||     5
